 Dungeon Crawl Stone Soup version 0.20.0-15-g7f486f2 (webtiles) character file.

70 Reinor the Digger (level 4, 0/30 HPs)
             Began as a Vampire Earth Elementalist on July 2, 2017.
             Hit by a stone thrown by a gnoll (2 damage)
             ... on level 2 of the Dungeon.
             The game lasted 00:08:21 (2290 turns).

Reinor the Digger (Vampire Earth Elementalist)      Turns: 2290, Time: 00:08:22

Health: 0/30       AC:  2    Str:  7    XL:     4   Next: 3%
Magic:  6/8        EV: 13    Int: 18    God:
Gold:   71         SH:  0    Dex: 14    Spells: 2/8 levels left

rFire    . . .     SeeInvis +   l - -1 dagger (curse)
rCold    + + .     Gourm    .   (no shield)
rNeg     + + +     Faith    .   c - +0 robe
rPois    ∞         Spirit   .   (no helmet)
rElec    .         Reflect  .   (no cloak)
rCorr    .         Harm     .   (no gloves)
MR       +....                  (no boots)
Stlth    ++++......             (no amulet)
Regen    0.0/turn               i - ring of protection from magic
MPRegen  0.2/turn               (no ring)

@: bloodless, non-regenerating
A: fangs 3, see invisible, unbreathing
a: Bat Form


You were on level 2 of the Dungeon.
You were bloodless.

You visited 1 branch of the dungeon, and saw 2 of its levels.

You collected 71 gold pieces.

Inventory:

Hand Weapons
 l - a cursed -1 dagger (weapon)
Missiles
 b - 10 stones (quivered)
Armour
 c - a +0 robe (worn)
Jewellery
 i - a ring of protection from magic (left hand)
Scrolls
 a - 2 scrolls of teleportation {unknown}
 f - a scroll of blinking {unknown}
 g - 2 scrolls of recharging {unknown}
 k - 2 scrolls of remove curse {unknown}
 m - a scroll of fog {unknown}
Potions
 d - 4 potions of blood
 h - a potion of curing {unknown}
 j - a potion of agility {unknown}
Books
 e - a book of Geomancy

   Spells                             Type                      Level
   a - Sandblast                      Earth                        1
   b - Passwall                       Transmutation/Earth          2
   c - Stone Arrow                    Conjuration/Earth            3
   d - Petrify                        Transmutation/Earth          4
   e - Lee's Rapid Deconstruction     Earth                        5


   Skills:
 - Level 3.1 Dodging
 - Level 3.0 Stealth
 + Level 2.7 Spellcasting
 - Level 1.1 Transmutations
 + Level 3.8 Earth Magic


You had 2 spell levels left.
You knew the following spells:

 Your Spells              Type           Power        Failure   Level  Hunger
a - Sandblast             Erth           ###...       3%          1    None
b - Passwall              Tmut/Erth      ##........   9%          2    ##.....
c - Stone Arrow           Conj/Erth      #.....       22%         3    ###....


Dungeon Overview and Level Annotations

Branches:
Dungeon (2/15)

Altars:
Dithmenos
Vehumet


Innate Abilities, Weirdness & Mutations

You do not heal naturally.
You are immune to poison.
You have razor-sharp teeth.
You have supernaturally acute eyesight. (SInv)
You can survive without breathing.


Message History

The blast of sand hits the gnoll.
The gnoll is lightly wounded.
b - 10 stones The gnoll misses you.
The gnoll throws a stone.
The stone closely misses you.
The gnoll throws a stone.
The stone closely misses you.
The gnoll throws a stone.
The stone hits you!
* * * LOW HITPOINT WARNING * * *
You see here a stone.
Okay, then.
You fail to use your ability.
The gnoll hits you from afar with a spear.
* * * LOW HITPOINT WARNING * * *
Unknown command.
The gnoll closely misses you. The gnoll closely misses you.
The gnoll throws a stone.
The stone closely misses you.
You see here a stone.
The gnoll throws a stone.
The stone hits you.
You die...

#..........#)..#........
#.........###.###..#####
#..........#...#...####.
#........8...8...8.##...
#.........)#...#...#..##
#######...###)###.......
#....#...#.....###
#..8...8...8.### #
#@...........# #
#(.........#######
#####.....#...........
##.....g#..########....
##........#..#####..g###
#............g.....### #
#...........##.....## #
#..........##.......#
#..........##.......#


You could see 2 gnolls.

Vanquished Creatures
  2 gnolls (D:2)
  2 adders (D:2)
  A dart slug (D:1)
  2 giant cockroaches (D:2)
  5 goblins
  2 hobgoblins (D:2)
  4 jackals (D:1)
  2 kobolds
  2 ball pythons (D:2)
  4 frilled lizards
  4 rats
30 creatures vanquished.

Notes
Turn   | Place    | Note
-------+----------+-------------------------------------------
     0 | D:1      | Reinor the Vampire Earth Elementalist began the quest for the Orb.
     0 | D:1      | Reached XP level 1. HP: 13/13 MP: 3/3
   228 | D:1      | You fall through a shaft!
   303 | D:2      | Found a radiant altar of Vehumet.
   326 | D:2      | Reached XP level 2. HP: 7/19 MP: 0/5
   655 | D:2      | Reached XP level 3. HP: 24/24 MP: 3/6
   808 | D:2      | Found a shadowy altar of Dithmenos.
  1619 | D:1      | Learned a level 2 spell: Passwall
  1623 | D:1      | Learned a level 3 spell: Stone Arrow
  2044 | D:1      | Reached XP level 4. HP: 30/30 MP: 5/8
  2290 | D:2      | Hit by a stone thrown by a gnoll

Skill      XL: |  1  2  3 |
---------------+----------+-----
Dodging        | 3 |  3.1
Stealth        | |  3.0
Spellcasting   | |  2.7
Transmutations | |  1.1
Earth Magic    | |  3.8

Action                   |  1- 3 |  4- 6 || total
-------------------------+-------+-------++-------
Melee: Unarmed           |    46 |       ||    46
       Bite              |     1 |     1 ||     2
       Dagger            |    15 |     9 ||    24
 Cast: Sandblast         |    34 |     8 ||    42
       Passwall          |     3 |       ||     3
 Abil: End Transformatio |     2 |     1 ||     3
       Bat Form          |     2 |     1 ||     3
  Use: Potion            |     1 |       ||     1
 Stab: Sleeping          |     2 |       ||     2
Armor: Robe              |    23 |     2 ||    25
Dodge: Dodged            |    99 |    13 ||   112
